 Dungeon Crawl Stone Soup version 0.30-a0-830-gfe289a77b0 (webtiles) character file.

Game seed: 8592862409871214427

466 Persephone the Shooter (level 7, 0/51 HPs)
             Began as a Formicid Hunter on Feb 28, 2023.
             Slain by a hornet (7 damage)
             ... on level 5 of the Dungeon.
             The game lasted 00:05:09 (2462 turns).

Persephone the Shooter (Formicid Hunter)            Turns: 2462, Time: 00:05:10

Health: 0/51       AC: 11    Str: 16    XL:     7   Next: 30%
Magic:  7/7        EV:  5    Int:  8    God:
Gold:   251        SH:  0    Dex: 19    Spells: 6/6 levels left

rFire   . . .      SeeInvis +    a - +0 shortbow
rCold   . . .      Faith    .    (no shield)
rNeg    . . .      Spirit   .    d - +1 plate armour
rPois   .          Reflect  .    (helmet unavailable)
rElec   .          Harm     .    (no cloak)
rCorr   .          Rampage  .    (no gloves)
Will    .....                    (no boots) Stlth
                                 (no amulet)
HPRegen 0.28/turn                (no ring)
MPRegen 0.10/turn                (no ring)

@: lethally poisoned (0 -> -9)
A: permanent stasis, dig shafts and tunnels, antennae 3, four strong arms
a: Dig, Shaft Self


You were on level 5 of the Dungeon.
You visited 1 branch of the dungeon, and saw 5 of its levels.

You collected 251 gold pieces.

Inventory:

Hand Weapons
 a - a +0 shortbow (weapon)
Armour
 c - a +0 leather armour
 d - a +1 plate armour (worn)
Scrolls
 b - 5 scrolls of immolation
 i - 2 scrolls of teleportation
 j - a scroll of enchant weapon {unknown}
 k - a scroll of identify
 m - 2 scrolls of fog
Potions
 e - a potion of curing
 f - a potion of heal wounds {unknown}
 g - 3 potions of flight
 h - a potion of might {unknown}
 l - 3 potions of attraction
 n - 2 potions of brilliance
 o - a potion of mutation {unknown}
 p - a potion of degeneration {unknown}
 r - 2 potions of ambrosia {unknown}


   Skills:
 - Level 2.8 Fighting
 + Level 7.7 Ranged Weapons
 - Level 2.3 Dodging
 - Level 2.3 Stealth


You had 6 spell levels left.
You didn't know any spells.
Your spell library contained the following spells:

 Spells                   Type           Power      Damage    Failure   Level
 Necrotise                Necr           0%         1d4       100%        1
 Ignite Poison            Fire/Tmut/Pois 0%         N/A       100%        3
 Kindle Blastsparks       Fire/Tloc/Air  0%         2d10      100%        3
 Vampiric Draining        Necr           0%         2d6       100%        3
 Agony                    Necr           0%         N/A       100%        5
 Freezing Cloud           Conj/Ice/Air   0%         6-21      100%        5
 Iskenderun's Battlesphe  Conj           0%         2d6       100%        5
 Iron Shot                Conj/Erth      0%         9d1       100%        6
 Spellforged Servitor     Conj/Summ      0%         N/A       100%        7


Dungeon Overview and Level Annotations

Branches:
Dungeon (5/15)
 Temple: D:4-7

Altars:
Fedhas
Kikubaaqudgha
Okawaru

Annotations:
D:3 3 runed translucent doors, Darius099's ghost, amateur MiFi


Innate Abilities, Weirdness & Mutations

You cannot be hasted, slowed, berserked, paralysed or teleported.
You can dig through walls and to a lower floor.
You have a pair of large antennae on your head. (SInv)
Your four strong arms can wield two-handed weapons with a shield.


Message History

You sense a monster nearby.
A hornet comes into view.
The hornet moves out of view.
A hornet and a hound come into view.
The hornet buzzes angrily.
The hound barks!
There are monsters nearby!
There are monsters nearby!
You shoot an arrow. The arrow misses the hornet.
The hornet stings you.
Your stasis prevents you from being slowed.
The hornet stings you but does no damage.
You shoot an arrow. The arrow hits the hornet.
The hornet is lightly wounded.
The hornet stings you.
Your stasis prevents you from being slowed.
The hound pauses to sniff the ground.
The hornet stings you but does no damage.
The hound bites you but does no damage. The hornet stings you.
You are poisoned.
Your stasis prevents you from being slowed.
The hornet attacks as you move away!
The hornet stings you but does no damage.
The hound attacks as you move away! The hound bites you.
You feel very sick. The hornet attacks as you move away!
The hornet stings you but does no damage.
You feel sick. The hound bites you but does no damage. The hornet stings you.
Your stasis prevents you from being slowed.
You feel sick.
You feel sick. The hornet stings you!
* * * LOW HITPOINT WARNING * * *
You are lethally poisoned!
Your stasis prevents you from being slowed.
The hound bites you but does no damage.
* * * LOW HITPOINT WARNING * * *
You feel very sick. The hound attacks as you move away!
The hound bites you but does no damage.
* * * LOW HITPOINT WARNING * * *
You feel very sick. The hound barely misses you. The hornet stings you!
You die...

#.>.........#
##.....##
#.........###
##...## ####...####
##+## #...# .# #...#
.# ##.## ########.##
#.# #.....#...##
#.#####.......#..#
#.....@h.....:..#
#######y....##......
#.....# .####
####.## # #... #####


You could see a hornet and a hound.

Vanquished Creatures
  Sigmund (D:3)
  A scorpion (D:5)
  An orc priest (D:4)
  A hound (D:4)
  A jelly (D:4)
  Terence (D:2)
  An iguana (D:3)
  A gnoll (D:4)
  3 adders
  A worm (D:4)
  3 dart slugs
  6 orcs
  8 ball pythons
  7 endoplasms
  2 giant cockroaches
  5 goblins
  5 hobgoblins
  2 jackals (D:3)
  7 kobolds
  3 quokkas
  4 bats
  3 frilled lizards
  5 rats
72 creatures vanquished.

Notes
Turn   | Place    | Note
-------+----------+-------------------------------------------
     0 | D:1      | Persephone the Formicid Hunter began the quest for the Orb.
     0 | D:1      | Reached XP level 1. HP: 16/16 MP: 1/1
    91 | D:1      | Reached XP level 2. HP: 23/23 MP: 2/2
   409 | D:1      | Reached XP level 3. HP: 26/28 MP: 3/3
   841 | D:2      | Noticed Terence
   848 | D:2      | Reached XP level 4. HP: 34/34 MP: 4/4
   850 | D:2      | Killed Terence
  1101 | D:3      | Reached skill level 5 in Ranged Weapons
  1198 | D:3      | Found a runed translucent gate.
  1199 | D:3      | Found a runed translucent gate.
  1200 | D:3      | Found a runed translucent gate.
  1201 | D:3      | Noticed Darius099's ghost (amateur MiFi)
  1212 | D:3      | Reached XP level 5. HP: 28/40 MP: 5/5
  1535 | D:3      | Noticed Sigmund
  1546 | D:3      | Killed Sigmund
  1547 | D:3      | Reached skill level 6 in Ranged Weapons
  1547 | D:3      | Reached XP level 6. HP: 36/46 MP: 6/6
  1737 | D:3      | Found an ancient bone altar of Kikubaaqudgha.
  1897 | D:4      | Reached skill level 7 in Ranged Weapons
  2123 | D:4      | Reached XP level 7. HP: 51/51 MP: 7/7
  2287 | D:4      | Found a blossoming altar of Fedhas.
  2347 | D:4      | Found an iron altar of Okawaru.
  2415 | D:5      | Entered Level 5 of the Dungeon
  2453 | D:5      | Noticed a hornet
  2462 | D:5      | Slain by a hornet

Illustrated notes

Levels and vault maps discovered:
D:1:      lemuel_arrival_hallway, layout_basic
D:2:      layout_rooms, st_stairs_4, uniq_terence
D:3:      layout_loops_ring, mainiacjoe_overflow_chevrons,
          gammafunk_ghost_necromancy, uniq_sigmund
D:4:      layout_rooms, kennysheep_mini_moat, okawaru_altar_gauntlet_db,
          kennysheep_generic_room_8
D:5:      layout_loops_corners, temple_hall, hangedman_abyss_or_decor_stabs,
          dk_noncrumbling_2, uniq_prince_ribbit1, uniq_duvessa

Skill      XL: |  1  2  3  4  5  6 |
---------------+-------------------+-----
Dodging        | 2 |  2.3
Stealth        | 2 |  2.3
Ranged Weapons | 5 6 7 |  7.7
Fighting       | |  2.8

Action                     |  1- 3 |  4- 6 |  7- 9 || total
---------------------------+-------+-------+-------++-------
   Fire: Shortbow          |    92 |    99 |    25 ||   216
Ability: Dig               |       |     2 |       ||     2
    Use: Scroll            |       |     5 |     5 ||    10
 Armour: Plate armour      |    77 |    62 |    26 ||   165
  Dodge: Dodged            |    15 |    18 |     4 ||    37

Table legend: (Time is in decaauts)
 A = Elapsed time spent in this place.
 B = Non-inter-level travel time spent in this place.
 C = Inter-level travel time spent in this place.
 D = Time resting spent in this place.
 E = Time spent auto-exploring this place.
 F = Levels seen in this place.
 G = Mean time per level.
                   A        B        C        D        E       F      G
               +--------+--------+--------+--------+--------+-----+--------+
         Total |   2663 |   2571 |     92 |      0 |   1941 |   5 |  532.6 |
       Dungeon |   2663 |   2571 |     92 |      0 |   1941 |   5 |  532.6 |
               +--------+--------+--------+--------+--------+-----+--------+

Top non-repeatable levels by time:
     D:3: 834 daAuts
     D:1: 617 daAuts
     D:4: 599 daAuts
     D:2: 561 daAuts
     D:5: 51 daAuts
